Seelog, chaotic female elven Ranger --------- --- ....... .| -.....- ---------.| |.....+ |(((|...|.| |.....| |@m(|...|.|# -.--------- |.....| |@..|...|..##########..........| -+--.....----@----|--.|# |.....<...| | -+--- ---............@........| ######.......*..| |.............{......{..@.......| ----------- | -- --- --....---|--....%......| ----.|....|.-----|---.| |.|....|.+ |....|.| +.|.%_!|.| |...(|.| |.|....|.| |....|.| -.------.- ------.| . . .| --- --- --- Seelog the Tenderfoot Experience level: 1 Strength: 15 Dexterity: 12 Constitution: 15 Intelligence: 13 Wisdom: 13 Charisma: 8 Health: 0(13) Energy: 4(4) Def: 15 Gold: 285 Moves: 3219 Dungeon seed: rYKYv4Oz7Spzonlq Game ID: Seelog_1632155078 Your Inventory: Weapons d - an uncursed +1 elven dagger (alternate weapon; not wielded) e - an uncursed +1 elven bow (weapon in hand) k - an uncursed +0 orcish dagger M - 54 blessed +2 elven arrows Q - 33 uncursed +0 elven arrows (in quiver) X - 16 uncursed +0 arrows Armor b - a blessed +2 elven cloak (being worn) y - an uncursed +0 orcish helm (being worn) K - an uncursed +1 pair of iron shoes (being worn) N - an uncursed +0 elven mithril-coat (being worn) Comestibles f - 6 uncursed lembas wafers i - 3 uncursed food rations m - an uncursed fortune cookie x - 2 uncursed tripe rations B - an uncursed lichen corpse I - an uncursed sprig of wolfsbane Wands g - an uncursed wand of opening (0:3) r - an uncursed wand of striking (0:7) L - an uncursed wand of nothing (0:4) Tools Z - an uncursed expensive camera (0:85) Coins $ - 285 gold pieces Spells and supernatural/magical abilities: Name Level Category Cost Memory W - pray for help -- divine ? -- Your skills at the end: Fighting Skills wands [Basic] Weapon Skills dagger [Basic] bow [Basic] Spellcasting Skills Final Attributes: You were fervently aligned. You were immune to sleep. You saw invisible. You had automatic searching. You had infravision. You were stealthy. You were protected. Mars was noncommittal. You are dead. Vanquished creatures: a gnome king a shrieker 4 gnome lords 2 gnomish wizards a little dog 6 dwarves a kobold lord a wererat 2 acid blobs a coyote 2 gas spores 4 hobbits 3 large kobolds 16 gnomes 7 garter snakes 4 geckos 5 jackals 2 kobolds 5 goblins 4 sewer rats 12 grid bugs a bat 8 lichens a kobold zombie 7 newts 101 creatures vanquished. Voluntary challenges: You had followed a strict vegetarian diet until turn 2203. You had been an atheist until turn 3048. You never hit with a wielded weapon. You were a pacifist. You read items or engraved 1 time, starting on turn 1720. You never genocided any monsters. You never polymorphed an object. You never changed form. You used no wishes. You never split a pudding. You never wrote Elbereth's name. You never violated your personal moral code. Dungeon overview: The Dungeons of Doom: levels 1 to 5 Level 1 a fountain, a sink a long staircase Level 2 a scroll shop Level 3 Level 4 a vault stairs to The Gnomish Mines Level 5 The Gnomish Mines: levels 5 to 7 Level 5 stairs to The Dungeons of Doom Level 6 Level 7 <- You were here a lighting shop, a temple to Mars, some fountains History has recorded: On T:1 you entered the Dungeons of Doom to retrieve the Amulet of Yendor! On T:694 you reached level 2 of The Dungeons of Doom. On T:979 you reached level 3 of The Dungeons of Doom. On T:1440 you reached level 4 of The Dungeons of Doom. On T:2059 you reached level 5 of The Dungeons of Doom. On T:2422 you reached level 1 of The Gnomish Mines. On T:2731 you reached level 2 of The Gnomish Mines. On T:2897 you reached level 3 of The Gnomish Mines. Score breakdown: Gold: 285 ( 8355 points) Experience: 1 level ( 0 points) Exploration: 7 levels ( 14.29%) (10606 points) Discoveries: 5 items ( 1.69%) ( 3905 points) Valuables value: (no points given unless you survive) Artifact value: 0 ( 0 points) Variety of kills: 25 monsters ( 6.58%) ( 7694 points) Turncount: 3219 turns ( -704 points) Survival: died (score multiplied by 80%) Total score: 23884 Latest messages: You put an uncursed pick-axe into the magic chest. You put an uncursed magic marker into the magic chest. You put 4 uncursed candles into the magic chest. You put an uncursed pick-axe into the magic chest. You put an uncursed yellowish brown gem into the magic chest. You put an uncursed black gem into the magic chest. You put an uncursed orange gem into the magic chest. You put 3 uncursed yellow gems into the magic chest. You put 2 uncursed green gems into the magic chest. You see here a female gnomish wizard corpse. The door opens. "Hello, Seelog! Welcome to Izchak's lighting store!" You see here a tallow candle (13 zorkmids). You see here a brass lantern (16 zorkmids). You see here 3 tallow candles (39 zorkmids). Wait! That's a small mimic! You see here 4 tallow candles (52 zorkmids). The small mimic hits! You stop. Sirius is in the way! (2x) Sirius displaces the watch captain. You stop. The watch captain is in the way! The small mimic hits! You die... Izchak gratefully inherits all your possessions. Final status: Goodbye Seelog the Ranger, killed by a small mimic... You died in The Gnomish Mines on dungeon level 7 with 23884 points, and 285 pieces of gold, after 3219 moves. You were level 1 with a maximum of 13 hit points when you died.